 Dungeon Crawl Stone Soup version 0.23-b1-49-g13d5857 (webtiles) character file.

Game seed: 5585711095445203648

6075 Kairos the Cleaver (level 10, -19/53 HPs)
             Began as a Vine Stalker Fighter on Feb 3, 2019.
             Was a High Priest of Okawaru.
             Demolished by a two-headed ogre
             ... wielding a +0 giant club
              (25 damage)
             ... on level 9 of the Dungeon.
             The game lasted 00:09:51 (6491 turns).

Kairos the Cleaver (Vine Stalker Fighter)           Turns: 6491, Time: 00:09:52

Health: -19/53     AC: 14    Str: 25    XL:     10   Next: 88%
Magic:  0/21       EV: 11    Int:  8    God:    Okawaru [*****.]
Gold:   473        SH: 13    Dex: 15    Spells: 9/9 levels left

rFire    . . .     SeeInvis .   m - +3 broad axe "Gott" {elec, rPois MR++ Str+4 Stlth+}
rCold    . . .     Gourm    .   c - +0 shield
rNeg     . . .     Faith    .   l - +0 chain mail
rPois    +         Spirit   +   (no helmet)
rElec    .         Reflect  .   (no cloak)
rCorr    .         Harm     .   (no gloves)
MR       +++..                  g - +1 pair of boots
Stlth    ++........             o - amulet of rage
HPRegen  0.57/turn              n - ring of stealth
MPRegen  0.17/turn              A - ring of magical power

@: heroism, studying Staves
A: fangs 3, regeneration 1, magic shield, antimagic bite, no potion heal 3, rot
immunity
a: Heroism, Finesse, Renounce Religion, Evoke Berserk Rage


You were on level 9 of the Dungeon.
You worshipped Okawaru.
Okawaru was extremely pleased with you.
You were not hungry.

You visited 2 branches of the dungeon, and saw 10 of its levels.

You collected 473 gold pieces.

Inventory:

Hand Weapons
 a - a +0 war axe
 m - the +3 broad axe "Gott" (weapon) {elec, rPois MR++ Str+4 Stlth+}
   (You acquired it on level 5 of the Dungeon)

   Occasionally, upon striking a foe, it will discharge some electrical energy
   and cause terrible harm.
   It affects your strength (+4).
   It protects you from poison.
   It affects your resistance to hostile enchantments.
   It makes you more stealthy.
 w - a +2 morningstar
Armour
 b - a +0 scale mail
 c - a +0 shield (worn)
 g - a +1 pair of boots (worn)
 l - a +0 chain mail (worn)
Jewellery
 n - a ring of stealth (left hand)
 o - an amulet of rage (around neck)
 x - an uncursed ring of poison resistance
 A - a ring of magical power (right hand)
Wands
 D - a wand of flame (17)
 G - a wand of random effects (13)
Scrolls
 j - 9 scrolls of remove curse
 k - 2 scrolls of magic mapping
 p - a scroll of enchant weapon {unknown}
 r - 3 scrolls of blinking {unknown}
 u - a scroll of random uselessness {unknown}
 y - 4 scrolls of identify
 B - 2 scrolls of teleportation
 C - 3 scrolls of amnesia {unknown}
 E - a scroll of fog {unknown}
Potions
 d - a potion of might
 e - 6 potions of curing
 h - a potion of ambrosia
 i - 2 potions of haste
 q - a potion of heal wounds {unknown}
 s - a potion of degeneration {unknown}
 t - 2 potions of agility {unknown}
 v - 2 potions of brilliance {unknown}
 F - a potion of lignification {unknown}
Books
 z - a manual of Staves
Comestibles
 f - 18 rations


   Skills:
 + Level 5.9(10.9) Fighting
 * Level 10.8(15.8) Axes
 + Level 6.1(11.1) Armour
 + Level 1.5(6.5) Dodging
 + Level 0.3(5.3) Stealth
 + Level 5.7(10.7) Shields
 + Level 1.9 Evocations


You had 9 spell levels left.
You didn't know any spells.
Your spell library contained the following spells:

 Spells                   Type           Power        Failure   Level  Hunger
 Animate Skeleton         Necr           N/A          98%         1    ##.....
 Pain                     Necr           #...         98%         1    ##.....
 Regeneration             Chrm/Necr      #.........   100%        3    ####...
 Vampiric Draining        Necr           #.........   100%        3    ####...
 Animate Dead             Necr           N/A          100%        4    #####..


Dungeon Overview and Level Annotations

Branches:
Dungeon (9/15)             Temple (1/1) D:4
   Lair: D:8-11         Orc: D:9-12

Altars:
Cheibriados
Dithmenos
Elyvilon
Fedhas
Gozag
Hepliaklqana
Kikubaaqudgha
Makhleb
Nemelex Xobeh
Okawaru
Qazlal
Ru
Sif Muna
Trog
Uskayaw
Vehumet
Wu Jian
Xom
Yredelemnul
Zin
The Shining One


Innate Abilities, Weirdness & Mutations

You have razor-sharp teeth.
Your natural rate of healing is unusually fast.
When hurt, damage is shared between your health and your magic reserves.
Your bite disrupts and absorbs the magic of your enemies.
Potions cannot restore your health.
You are immune to rotting.


Message History

The two-headed ogre closely misses you. You block the two-headed ogre's attack.
You hit the two-headed ogre. You bite the two-headed ogre. You drain its power.
The two-headed ogre is lightly wounded.
You closely miss the two-headed ogre. You bite the two-headed ogre!
You drain its power.
The two-headed ogre is moderately wounded.
The two-headed ogre hits you with a +0 giant club!
You block the two-headed ogre's attack.
You hit the two-headed ogre.
Lightning courses through the two-headed ogre!
The two-headed ogre is heavily wounded.
The two-headed ogre hits you with a +0 giant club!!
The two-headed ogre hits you with a +0 giant spiked club.
You are too injured to fight recklessly!
You are too injured to fight recklessly!
You gain the combat prowess of a mighty hero.
The two-headed ogre hits you with a +0 giant club!!
* * * LOW HITPOINT WARNING * * *
The two-headed ogre hits you with a +0 giant spiked club!!
You die...

#..............##.# #
#..####.....#+###.# #
#.. #........##.# #
#..# #.##......#.#
#.>.###.##........#
##...##.#.........###
#.......+.........'..
##...##.#.......>.###
#..@...##.......##
##O#######.....## #.
##...## .. ##+## ...
##.. ##. ##


You could see a two-headed ogre.

Vanquished Creatures
  Pikel (D:8)
  An ugly thing (D:8)
  Prince Ribbit (D:7)
  2 hippogriffs
  A human (D:7)
  4 hogs (D:7)
  A vampire mosquito (D:7)
  Menkaure (D:7)
  4 slaves (D:8)
  3 sky beasts
  3 orc warriors
  A phantom (D:7)
  An ogre (D:5)
  3 ice beasts
  3 centaurs
  A necrophage (D:8)
  A crocodile (D:7)
  3 bullfrogs
  5 scorpions
  13 wights
  3 jellies
  3 howler monkeys
  3 crimson imps
  A quasit (D:7)
  A hound (D:6)
  4 orc wizards
  Crazy Yiuf (D:7)
  A gnoll shaman (D:4)
  5 orc priests
  4 iguanas
  8 worker ants
  4 hound skeletons
  8 gnolls
  10 adders
  3 shadow imps
  An ooze (D:1)
  2 adder skeletons
  A worm (D:3)
  2 dart slugs
  2 leopard geckos
  29 orcs
  8 giant cockroaches
  7 goblins
  5 hobgoblins
  3 jackals (D:4)
  A quokka (D:6)
  6 bats
  5 frilled lizards
  6 kobolds
  A quokka skeleton (D:4)
  A rat (D:1)
192 creatures vanquished.

Notes
Turn   | Place    | Note
-------+----------+-------------------------------------------
     0 | D:1      | Kairos the Vine Stalker Fighter began the quest for the
                  | Orb.
     0 | D:1      | Reached XP level 1. HP: 11/11 MP: 2/2
   104 | D:1      | Reached XP level 2. HP: 12/16 MP: 3/3
   484 | D:1      | Reached XP level 3. HP: 18/19 MP: 4/4
   693 | D:2      | Reached skill level 2 in Axes
   822 | D:2      | Found a glowing golden altar of the Shining One.
  1027 | D:2      | Gained mutation: Your natural rate of healing is unusually
                  | fast. [Vine Stalker growth]
  1027 | D:2      | Reached XP level 4. HP: 24/24 MP: 5/5
  1086 | D:2      | Found a bloodstained altar of Trog.
  1086 | D:2      | Found a deep blue altar of Sif Muna.
  1555 | D:3      | Found a hide-covered altar of Uskayaw.
  1562 | D:3      | Noticed a +0 dagger
  1564 | D:3      | Noticed a +0 hand axe
  1669 | D:3      | Reached XP level 5. HP: 27/28 MP: 6/6
  1862 | D:3      | Noticed a sky beast
  1877 | D:3      | Killed a sky beast
  1877 | D:3      | Reached skill level 3 in Axes
  1877 | D:3      | Reached XP level 6. HP: 31/32 MP: 7/7
  2204 | D:4      | Found a staircase to the Ecumenical Temple.
  2229 | Temple   | Entered the Ecumenical Temple
  2262 | Temple   | Became a worshipper of Warmaster Okawaru
  2333 | D:4      | Found an ancient bone altar of Kikubaaqudgha.
  2349 | D:4      | Reached skill level 1 in Evocations
  2356 | D:4      | Reached skill level 1 in Dodging
  2529 | D:4      | Reached skill level 4 in Axes
  2833 | D:4      | Reached XP level 7. HP: 35/36 MP: 6/8
  3048 | D:4      | Found a deep blue altar of Sif Muna.
  3064 | D:5      | Entered Level 5 of the Dungeon
  3168 | D:5      | Found a hazy altar of Hepliaklqana.
  3277 | D:5      | Reached * piety under Okawaru
  3285 | D:5      | Reached skill level 5 in Axes
  3428 | D:5      | Found a sparkling altar of Nemelex Xobeh.
  3429 | D:5      | Found an opulent altar of Gozag.
  3590 | D:5      | Gained mutation: You have razor-sharp teeth. [Vine Stalker
                  | growth]
  3590 | D:5      | Reached XP level 8. HP: 30/42 MP: 8/10
  4229 | D:5      | Identified a scroll of acquirement
  4232 | D:5      | Got a brightly glowing broad axe
  4233 | D:5      | Identified the +3 broad axe "Gott" {elec, rPois MR++ Str+4
                  | Stlth+} (You acquired it on level 5 of the Dungeon)
  4301 | D:6      | Reached skill level 6 in Axes
  4314 | D:6      | Reached ** piety under Okawaru
  4545 | D:6      | Reached XP level 9. HP: 38/46 MP: 8/11
  4569 | D:6      | Reached skill level 7 in Axes
  4788 | D:7      | Reached skill level 5 in Fighting
  4788 | D:7      | Reached skill level 5 in Armour
  4854 | D:7      | Found an ornate altar of the Wu Jian Council.
  4995 | D:7      | Found a white marble altar of Elyvilon.
  5007 | D:7      | Noticed Menkaure
  5013 | D:7      | Killed Menkaure
  5013 | D:7      | Reached *** piety under Okawaru
  5013 | D:7      | Reached skill level 8 in Axes
  5017 | D:7      | Reached skill level 5 in Shields
  5133 | D:7      | Noticed Prince Ribbit
  5143 | D:7      | Killed Prince Ribbit
  5266 | D:7      | Reached XP level 10. HP: 29/51 MP: 12/12
  5267 | D:7      | Reached skill level 9 in Axes
  5270 | D:7      | Reached **** piety under Okawaru
  5431 | D:7      | Found a runed translucent door.
  5432 | D:7      | Noticed Crazy Yiuf
  5522 | D:7      | Killed Crazy Yiuf
  5684 | D:8      | Found a shimmering altar of Xom.
  5685 | D:8      | Found a burning altar of Makhleb.
  5694 | D:8      | Noticed a purple ugly thing
  5704 | D:8      | Killed a purple ugly thing
  5704 | D:8      | Reached skill level 10 in Axes
  6032 | D:8      | Reached ***** piety under Okawaru
  6071 | D:8      | Noticed Pikel
  6080 | D:8      | Killed Pikel
  6387 | D:9      | Found a stormy altar of Qazlal.
  6485 | D:9      | Noticed a two-headed ogre
  6491 | D:9      | Demolished by a two-headed ogre

Skill      XL: |  1  2  3  4  5  6  7  8  9 10 |
---------------+-------------------------------+-----
Shields        | 3 4 5 |  5.7
Axes           | 2 3 4 5 6 8 10 | 10.8
Fighting       | 3 4 5 |  5.9
Armour         | 3 4 5 6 |  6.1
Evocations     | 1 |  1.9
Dodging        | 1 |  1.5
Stealth        | |  0.3

Action                   |  1- 3 |  4- 6 |  7- 9 | 10-12 || total
-------------------------+-------+-------+-------+-------++-------
Melee: War axe           |    73 |   106 |    79 |       ||   258
       Bite              |    22 |    38 |    65 |    44 ||   169
       Broad axe         |       |       |   121 |   118 ||   239
Invok: Heroism           |       |       |     1 |     2 ||     3
 Abil: Evoke Berserk Rag |       |     2 |     3 |       ||     5
  Use: Scroll            |     1 |     3 |     4 |       ||     8
  Eat: Ration            |       |     1 |       |       ||     1
       Chunk             |       |     4 |    12 |     4 ||    20
Armor: Scale mail        |    29 |       |       |       ||    29
       Chain mail        |     5 |    68 |   113 |    41 ||   227
Dodge: Dodged            |    32 |    17 |    52 |    29 ||   130
Block: Shield            |    46 |    44 |   103 |    49 ||   242
